 Dungeon Crawl Stone Soup version 0.27-a0-1500-g450c7e4133 (webtiles) character file.

Game seed: 9588993859143786672

7 wakim the Chiller (level 1, -1/10 HPs)
             Began as a Deep Elf Ice Elementalist on July 7, 2021.
             Slain by a gnoll (7 damage)
             ... on level 1 of the Dungeon.
             The game lasted 00:00:47 (254 turns).

wakim the Chiller (Deep Elf Ice Elementalist)        Turns: 254, Time: 00:00:47

Health: -1/10      AC:  2    Str:  5    XL:     1   Next: 83%
Magic:  2/6        EV: 12    Int: 19    God:
Gold:   28         SH:  0    Dex: 15    Spells: 5/6 levels left

rFire    . . .     SeeInvis .   a - +0 dagger
rCold    . . .     Faith    .   (no shield)
rNeg     . . .     Spirit   .   b - +0 robe
rPois    .         Reflect  .   (no helmet)
rElec    .         Harm     .   (no cloak)
rCorr    .         Rampage  .   (no gloves)
Will     .....                  (no boots)
Stlth    ++........             (no amulet)
HPRegen  0.03/turn              (no ring)
MPRegen  0.10/turn              (no ring)

@: no status effects
A: no striking features
a: no special abilities


You were on level 1 of the Dungeon.
You visited 1 branch of the dungeon, and saw 1 of its levels.

You collected 28 gold pieces.

Inventory:

Hand Weapons
 a - a +0 dagger (weapon)
Armour
 b - a +0 robe (worn)
Scrolls
 c - a scroll of identify {unknown}


   Skills:
 + Level 2.6 Dodging
 + Level 2.7 Stealth
 - Level 3.0 Spellcasting
 * Level 4.6 Ice Magic


You had 5 spell levels left.
You knew the following spells:

 Your Spells              Type           Power      Damage    Failure   Level
a - Freeze                Ice            80%        1d9       2%          1

Your spell library contained the following spells:

 Spells                   Type           Power      Damage    Failure   Level
 Frozen Ramparts          Ice            40%        1d6       7%          3
 Ozocubu's Armour         Ice            20%        N/A       7%          3
 Hailstorm                Conj/Ice       11%        3d5       52%         4


Dungeon Overview and Level Annotations

Branches:
Dungeon (1/15)

Altars:


Message History

You see here 6 gold pieces.
You now have 6 gold pieces.
A kobold comes into view. It is wielding a +0 short sword.
You freeze the kobold.
You kill the kobold!
You freeze the ball python!
You kill the ball python!
Things that are here:
a +0 short sword; a stone; a kobold corpse You now have 17 gold pieces (gained 11).
Found 11 gold pieces.
A hobgoblin comes into view.
The hobgoblin shouts!
A gnoll comes into view. It is wielding a +0 flail.
A hobgoblin comes into view.
You see here 11 gold pieces.
You now have 28 gold pieces (gained 11).
An endoplasm comes into view.
You freeze the hobgoblin.
You kill the hobgoblin!
The hobgoblin shouts!
The endoplasm quivers.
You hear a shout!
The hobgoblin hits you.
You freeze the hobgoblin.
The hobgoblin is lightly wounded.
The hobgoblin hits you.
You freeze the hobgoblin.
The hobgoblin is heavily wounded.
The hobgoblin misses you.
You freeze the hobgoblin.
The hobgoblin is almost dead.
The hobgoblin closely misses you.
You freeze the hobgoblin.
You kill the hobgoblin!
You freeze the gnoll.
The gnoll is moderately wounded.
The gnoll hits you with a +0 flail!
Ouch! That really hurt!
You die...

#..........#.... #.
+...............# #.
#.........##....# #.
#.........##.... #.
#.........##... +.
#....†.)..##..# #.
#........J##..# ##
#........g##..####
####......@......# #+#
#+#######'############..
#..................
#..................
#..................
#..................
#.....(............
#..................
####+##########....


You could see a gnoll and an endoplasm.

Vanquished Creatures
  A ball python (D:1)
  A giant cockroach (D:1)
  2 hobgoblins (D:1)
  2 kobolds (D:1)
6 creatures vanquished.

Notes
Turn   | Place    | Note
-------+----------+-------------------------------------------
     0 | D:1      | wakim the Deep Elf Ice Elementalist began the quest for the
                  | Orb.
     0 | D:1      | Reached XP level 1. HP: 10/10 MP: 6/6
   254 | D:1      | Slain by a gnoll

Illustrated notes

Levels and vault maps discovered:
D:1:      noname_arrival_rooms_in_the_neighbourhood, layout_basic

Action                   || total
-------------------------++-------
Melee: Unarmed           ||     2
 Cast: Freeze            ||    12
Armor: Robe              ||     1
Dodge: Dodged            ||     4

Table legend: (Time is in decaauts)
 A = Elapsed time spent in this place.
 B = Non-inter-level travel time spent in this place.
 C = Inter-level travel time spent in this place.
 D = Time resting spent in this place.
 E = Time spent auto-exploring this place.
 F = Levels seen in this place.
 G = Mean time per level.
                   A        B        C        D        E       F      G
               +--------+--------+--------+--------+--------+-----+--------+
         Total |    253 |    253 |      0 |      0 |    193 |   1 |  253.0 |
       Dungeon |    253 |    253 |      0 |      0 |    193 |   1 |  253.0 |
               +--------+--------+--------+--------+--------+-----+--------+

Top non-repeatable levels by time:
     D:1: 253 daAuts
